[Event "Krakow ICC op-A"]
[Site "Krakow POL"]
[Date "2024.06.22"]
[Round "1.23"]
[White "Cieslak, Patryk"]
[Black "Keleberda, Tymur"]
[Result "1/2-1/2"]
[ECO "B90"]
[WhiteElo "2358"]
[BlackElo "2223"]
[WhiteFideId "-1"]
[BlackFideId "-1"]
[PlyCount "165"]
[GameId "2129404696544925"]
[EventDate "2024.06.20"]
[EventType "swiss"]
[EventRounds "9"]
[EventCountry "POL"]
[SourceTitle "10 Days #763"]
[Source "ChessMix "]
[SourceDate "2024.07.01"]
[SourceVersion "1"]
[SourceVersionDate "2024.07.01"]
[SourceQuality "1"]
[TimeControl "40/5400+30:1800+30"]

1. e4 c5 2. Nf3 d6 3. d4 cxd4 4. Nxd4 Nf6 5. Nc3 a6 6. h3 e5 7. Nb3 Be7 8. g4 h6 9. Be3 Be6 10. Qf3 Nc6 11. O-O-O Rc8 12. Kb1 Na5 13. Nd5 Bxd5 14. exd5 Nxb3 15. axb3 Nd7 16. Bd3 Bg5 17. h4 Bxh4 18. Bf5 Bg5 19. Bxd7+ Kxd7 20. Qf5+ Kc7 21. Qxf7+ Qe7 22. Qxe7+ Bxe7 23. Rh5 Rhf8 24. c3 Rf3 25. Rd2 Rcf8 26. Kc2 Bd8 27. b4 Kd7 28. Kb3 R8f6 29. g5 hxg5 30. Rxg5 Rf7 31. Rg4 Rh3 32. b5 Rh4 33. bxa6 bxa6 34. Rg6 Bf6 35. Rd1 Kc8 36. Ra1 Rb7+ 37. Kc2 Rb5 38. Rxa6 Rxd5 39. Rg1 Kd7 40. Rga1 Rc4 41. Ra7+ Ke6 42. R1a4 Rc8 43. Rb7 Kf5 44. Raa7 e4 45. Rc7 Rxc7 46. Rxc7 g5 47. b4 g4 48. Ba7 Be5 49. Rc8 Ke6 50. Rc4 Kf5 51. Rc8 Ke6 52. Rc7 Rd3 53. b5 d5 54. Rc5 Rf3 55. Rc6+ Kd7 56. Kd2 Bf4+ 57. Ke2 Rd3 58. Bd4 Rd2+ 59. Kf1 Rb2 60. Rf6 Bd6 61. b6 g3 62. fxg3 Bxg3 63. Rf7+ Ke6 64. Rf6+ Kd7 65. Rf5 Ke6 66. Rg5 Bf4 67. Rg8 Kf5 68. Rg2 Rb1+ 69. Ke2 Be5 70. Bxe5 Kxe5 71. Rg5+ Kd6 72. Ke3 Kc5 73. Rg8 Rxb6 74. Ra8 Rb1 75. Rc8+ Kd6 76. Rd8+ Kc6 77. Kd2 Rb2+ 78. Kc1 Re2 79. Kd1 Re3 80. Kc2 Rd3 81. Re8 Kd6 82. c4 Rh3 83. cxd5 1/2-1/2

[Event "Krakow ICC op-A"]
[Site "Krakow POL"]
[Date "2024.06.23"]
[Round "3.13"]
[White "Keleberda, Tymur"]
[Black "Aarav, Dengla"]
[Result "1-0"]
[ECO "B50"]
[WhiteElo "2223"]
[BlackElo "2395"]
[WhiteFideId "-1"]
[BlackFideId "-1"]
[PlyCount "89"]
[GameId "2129404696610476"]
[EventDate "2024.06.20"]
[EventType "swiss"]
[EventRounds "9"]
[EventCountry "POL"]
[SourceTitle "10 Days #763"]
[Source "ChessMix "]
[SourceDate "2024.07.01"]
[SourceVersion "1"]
[SourceVersionDate "2024.07.01"]
[SourceQuality "1"]
[TimeControl "40/5400+30:1800+30"]

1. e4 c5 2. Nf3 d6 3. c3 Nf6 4. h3 Nc6 5. Bd3 e5 6. Bc2 d5 7. exd5 Qxd5 8. O-O e4 9. Re1 Be6 10. c4 Qh5 11. Bxe4 Nxe4 12. Rxe4 O-O-O 13. Nc3 Nd4 14. Nxd4 Qxd1+ 15. Nxd1 Rxd4 16. Rxd4 cxd4 17. b3 Be7 18. f3 Bh4 19. Bb2 Rd8 20. Nf2 Bxf2+ 21. Kxf2 Bf5 22. g4 Bd3 23. Re1 Rd7 24. h4 a6 25. h5 Kd8 26. Ba3 b5 27. cxb5 axb5 28. Bc5 h6 29. a4 bxa4 30. bxa4 f5 31. Bb6+ Kc8 32. Re6 fxg4 33. fxg4 Rd5 34. Re7 g6 35. hxg6 Bxg6 36. a5 Bd3 37. Rg7 Re5 38. Rc7+ Kb8 39. Rd7 Re2+ 40. Kg3 Rxd2 41. Rxd4 Rd1 42. a6 Be2 43. a7+ Ka8 44. Rf4 Rf1 45. Bf2 1-0

[Event "Krakow ICC op-A"]
[Site "Krakow POL"]
[Date "2024.06.26"]
[Round "6.10"]
[White "Nguyen, Piotr"]
[Black "Keleberda, Tymur"]
[Result "0-1"]
[ECO "C01"]
[WhiteElo "2426"]
[BlackElo "2223"]
[WhiteFideId "-1"]
[BlackFideId "-1"]
[PlyCount "88"]
[GameId "2129404696614610"]
[EventDate "2024.06.20"]
[EventType "swiss"]
[EventRounds "9"]
[EventCountry "POL"]
[SourceTitle "10 Days #763"]
[Source "ChessMix "]
[SourceDate "2024.07.01"]
[SourceVersion "1"]
[SourceVersionDate "2024.07.01"]
[SourceQuality "1"]
[TimeControl "40/5400+30:1800+30"]

1. e4 e6 2. d4 d5 3. exd5 exd5 4. Nf3 Bd6 5. c4 c6 6. c5 Bc7 7. Bd3 h6 8. O-O Ne7 9. Qc2 b6 10. b4 O-O 11. a4 Re8 12. Nc3 Nd7 13. Be3 bxc5 14. bxc5 Nf8 15. h3 Neg6 16. Rae1 Bd7 17. Bc1 Qf6 18. Re3 Nf4 19. Rxe8 Rxe8 20. Bxf4 Qxf4 21. Qd2 Qf6 22. Re1 Rxe1+ 23. Nxe1 Ba5 24. Nf3 Bxh3 25. Ne5 Bc8 26. Be2 Ng6 27. Ng4 Qe7 28. Kf1 Qb7 29. Qe3 Be6 30. Nd1 Qb4 31. g3 Qxa4 32. Kg2 Qc2 33. Bf3 Bb4 34. Ne5 Bd2 35. Qe2 Nxe5 36. Qxe5 a5 37. Qd6 Qa4 38. Qb8+ Kh7 39. Qb1+ g6 40. Qd3 Bg5 41. Nc3 Qb4 42. Ne2 a4 43. Qa6 a3 44. Qxc6 a2 0-1

[Event "Excelsior March op"]
[Site "Toronto CAN"]
[Date "2024.03.15"]
[Round "1.6"]
[White "Keleberda, Tymur"]
[Black "Lakhani, Riyaan"]
[Result "1-0"]
[ECO "B06"]
[WhiteElo "2198"]
[BlackElo "1792"]
[WhiteFideId "-1"]
[BlackFideId "-1"]
[PlyCount "67"]
[GameId "2160767740051113"]
[EventDate "2024.03.15"]
[EventType "swiss"]
[EventRounds "5"]
[EventCountry "CAN"]
[TimeControl "90+30"]
[WhiteClock "1:05:57"]
[BlackClock "0:51:47"]

1. e4 g6 2. d4 Bg7 3. Bc4 c6 4. Nc3 d5 5. exd5 b5 6. Bb3 b4 7. Na4 cxd5 8. a3 Nc6 9. Be3 a5 10. Nc5 Nf6 11. axb4 Nxb4 12. Ba4+ Nd7 13. c3 Na6 14. Bc6 Rb8 15. Bxd7+ Bxd7 16. Nxa6 Rxb2 17. Nc5 Bf5 18. Qa4+ Kf8 19. Nf3 Bf6 20. Bh6+ Bg7 21. Bc1 Rc2 22. Qb3 Bf6 23. Bh6+ Bg7 24. Bf4 Bf6 25. O-O Kg7 26. Rfe1 h6 27. Ne5 g5 28. Bg3 h5 29. Nc6 Qe8 30. Nxe7 Bxe7 31. Qxd5 Be6 32. Nxe6+ fxe6 33. Qxe6 Kf8 34. Qf5+ 1-0

[Event "Excelsior March op"]
[Site "Toronto CAN"]
[Date "2024.03.16"]
[Round "2.6"]
[White "Zhong, Ryan Yunhui"]
[Black "Keleberda, Tymur"]
[Result "1-0"]
[ECO "B15"]
[WhiteElo "1826"]
[BlackElo "2198"]
[WhiteFideId "-1"]
[BlackFideId "-1"]
[PlyCount "63"]
[GameId "2160767740051121"]
[EventDate "2024.03.15"]
[EventType "swiss"]
[EventRounds "5"]
[EventCountry "CAN"]
[TimeControl "90+30"]
[WhiteClock "0:10:42"]
[BlackClock "0:07:11"]

1. e4 g6 2. d4 Bg7 3. Nf3 c6 4. Bd3 d5 5. e5 Nh6 6. Nc3 f6 7. exf6 exf6 8. Qe2+ Kf7 9. O-O Bf5 10. Re1 Qd7 11. Bf4 Bxd3 12. Qxd3 Nf5 13. b4 Na6 14. Reb1 Nc7 15. g4 Ne6 16. Bg3 Nd6 17. b5 Nc4 18. Rb3 b6 19. Nd2 c5 20. Nxc4 dxc4 21. Qxc4 Qxd4 22. Qe2 Qd7 23. Ne4 Rhd8 24. Nd6+ Kg8 25. Re3 Nd4 26. Qc4+ Kf8 27. Rae1 Qxd6 28. Bxd6+ Rxd6 29. Re7 Nf3+ 30. Kh1 Ng5 31. h4 Rd4 32. Qe2 1-0

[Event "Excelsior March op"]
[Site "Toronto CAN"]
[Date "2024.03.16"]
[Round "3.4"]
[White "Keleberda, Tymur"]
[Black "Kim, Noah"]
[Result "1-0"]
[ECO "B50"]
[WhiteElo "2198"]
[BlackElo "2204"]
[WhiteFideId "-1"]
[BlackFideId "-1"]
[PlyCount "121"]
[GameId "2160767740051127"]
[EventDate "2024.03.15"]
[EventType "swiss"]
[EventRounds "5"]
[EventCountry "CAN"]
[TimeControl "90+30"]
[WhiteClock "0:02:59"]
[BlackClock "0:00:35"]

1. e4 c5 2. Nf3 d6 3. c3 Nf6 4. h3 Nc6 5. Bd3 e5 6. Bc2 g6 7. O-O Bg7 8. d4 cxd4 9. cxd4 exd4 10. Nxd4 O-O 11. Nxc6 bxc6 12. Qf3 Qe7 13. Nc3 Rd8 14. Bg5 h6 15. Bh4 Be6 16. Rfe1 Rab8 17. Rab1 g5 18. Bg3 Nd7 19. Nd5 cxd5 20. exd5 Ne5 21. Bxe5 Bxe5 22. dxe6 fxe6 23. Qe4 Qg7 24. b4 Rf8 25. g3 Rf6 26. Rf1 Rbf8 27. Kg2 h5 28. Bd1 h4 29. Be2 Qf7 30. Qe3 Qb7+ 31. Kg1 hxg3 32. fxg3 Rxf1+ 33. Rxf1 Rxf1+ 34. Bxf1 Qxb4 35. Qxg5+ Kf7 36. Qh5+ Kf8 37. Qh6+ Kf7 38. Qh7+ Kf8 39. Qh6+ Kf7 40. Qh5+ Kf8 41. Qf3+ Ke7 42. h4 Qd4+ 43. Kg2 d5 44. Kh3 Bd6 45. Bb5 Qg1 46. h5 Be5 47. Bd3 Qc1 48. Bg6 Bf6 49. a4 a5 50. Qb3 Qf1+ 51. Kg4 Qc4+ 52. Qxc4 dxc4 53. Bc2 Be5 54. h6 Kf6 55. Kh4 Bc3 56. g4 Bd2 57. Kh5 Be3 58. g5+ Kf7 59. g6+ Kg8 60. g7 Kf7 61. Bh7 1-0

[Event "Excelsior March op"]
[Site "Toronto CAN"]
[Date "2024.03.17"]
[Round "4.4"]
[White "Stevens, Christian"]
[Black "Keleberda, Tymur"]
[Result "1/2-1/2"]
[ECO "D02"]
[WhiteElo "2354"]
[BlackElo "2198"]
[WhiteFideId "-1"]
[BlackFideId "-1"]
[PlyCount "45"]
[GameId "2160767740051135"]
[EventDate "2024.03.15"]
[EventType "swiss"]
[EventRounds "5"]
[EventCountry "CAN"]
[TimeControl "90+30"]
[WhiteClock "0:29:04"]
[BlackClock "1:01:42"]

1. Nf3 d5 2. d4 Nf6 3. Bf4 e6 4. e3 Bd6 5. c3 O-O 6. Nbd2 Bxf4 7. exf4 b6 8. Bd3 Ba6 9. Bxa6 Nxa6 10. Qe2 Nb8 11. O-O c5 12. Ne5 Ne8 13. dxc5 bxc5 14. f5 exf5 15. Qf3 g6 16. c4 Nf6 17. cxd5 Qxd5 18. Qxd5 Nxd5 19. Ndc4 f6 20. Nf3 Rd8 21. Rfd1 Nc6 22. Kf1 Nb6 23. Rxd8+ 1/2-1/2

[Event "Excelsior March op"]
[Site "Toronto CAN"]
[Date "2024.03.17"]
[Round "5.4"]
[White "Keleberda, Tymur"]
[Black "Lu, Tony"]
[Result "1-0"]
[ECO "C00"]
[WhiteElo "2198"]
[BlackElo "1855"]
[WhiteFideId "-1"]
[BlackFideId "-1"]
[PlyCount "63"]
[GameId "2160767740231367"]
[EventDate "2024.03.15"]
[EventType "swiss"]
[EventRounds "5"]
[EventCountry "CAN"]
[TimeControl "90+30"]
[WhiteClock "0:53:03"]
[BlackClock "0:34:29"]

1. e4 e6 2. d3 d5 3. Nd2 Nf6 4. g3 Nc6 5. Bg2 Bc5 6. c3 e5 7. Nb3 Bb6 8. exd5 Nxd5 9. Ne2 a5 10. O-O Bg4 11. h3 Bh5 12. g4 Bg6 13. d4 exd4 14. Nexd4 Nxd4 15. Re1+ Ne6 16. Bxd5 Qf6 17. Be3 Bxe3 18. Rxe3 c6 19. Bxe6 fxe6 20. Qd6 Bf7 21. Rae1 Rd8 22. Rxe6+ Bxe6 23. Rxe6+ Kf7 24. Rxf6+ gxf6 25. Qc7+ Kg6 26. Nd4 h5 27. Ne6 Rdg8 28. Nf4+ Kh6 29. Nxh5 Rg6 30. Ng3 Kg5 31. f4+ Kh4 32. Kg2 1-0

[Event "Kyiv op U16"]
[Site "Kyiv UKR"]
[Date "2021.07.21"]
[Round "9.3"]
[White "Bazakutsa, Svyatoslav"]
[Black "Keleberda, Tymur"]
[Result "1-0"]
[ECO "B38"]
[WhiteElo "2144"]
[BlackElo "2168"]
[WhiteFideId "-1"]
[BlackFideId "-1"]
[PlyCount "56"]
[GameId "2129404733727827"]
[EventDate "2021.07.20"]
[EventType "swiss"]
[EventRounds "9"]
[EventCountry "UKR"]
[SourceTitle "10 Days #658"]
[Source "ChessMix"]
[SourceDate "2021.08.01"]
[SourceVersion "1"]
[SourceVersionDate "2021.08.01"]
[SourceQuality "1"]
[TimeControl "900+5"]

1. c4 c5 2. Nf3 g6 3. d4 cxd4 4. Nxd4 Nf6 5. Nc3 Bg7 6. e4 d6 7. h3 Nc6 8. Be3 O-O 9. Be2 e5 10. Ndb5 Ne8 11. Nd5 f5 12. exf5 gxf5 13. g4 f4 14. Bd2 a6 15. Nbc3 Nd4 16. f3 Qh4+ 17. Kf1 Bxg4 18. fxg4 f3 19. Bd3 Qg3 20. Ne3 Bh6 21. g5 Bxg5 22. Ne4 Nf5 23. Nxg3 Nxg3+ 24. Kf2 Nxh1+ 25. Qxh1 Bh4+ 26. Kf1 Nf6 27. Nf5 Nh5 28. Qxf3 Kh8 1-0